[Event "*** Titled Tuesday Blitz"]
[Site "Chess.com"]
[Date "2020.05.26"]
[Round "2"]
[White "Olkaa"]
[Black "Xeslu"]
[Result "1-0"]
[WhiteElo "2620"]
[BlackElo "2294"]
[TimeControl "180+1"]
[EndTime "10:17:25 PDT"]
[Termination "Olkaa won by resignation"]

1. e4 e5 2. Nf3 Nc6 3. Bb5 a6 4. Ba4 Nf6 5. d4 exd4 6. O-O Be7 7. e5 Ne4 8. Nxd4 Nc5 9. Nf5 Ne6 10. Nc3 O-O 11.
Nd5 b5 12. Bb3 d6 13. Qf3 Rb8 14. Ndxe7+ Nxe7 15. exd6 cxd6 16. Nxe7+ Qxe7 17. Be3 Nc5 18. Bd5 Be6 19. Rad1 Bxd5 20. Qxd5 Na4 21. Bd4 Qe6 22. Qg5 f6 23. Qg3 Qf7 24. b3 Nc5 25. Qxd6 Ne6 26.
Be3 Rbd8 27. Qxa6 Rxd1 28. Rxd1 f5 29. f3 f4 30. Bf2 Qf6 31. Qxb5 h6 32. Qc4 Kh7 33.
Re1 Ng5 34. h4 Nf7 35. a4 Rd8 36. a5 1-0

[Event "*** Titled Tuesday Blitz"]
[Site "Chess.com"]
[Date "2020.05.26"]
[Round "2"]
[White "novocane"]
[Black "MomchilPetkov"]
[Result "0-1"]
[WhiteElo "2201"]
[BlackElo "2535"]
[TimeControl "180+1"]
[EndTime "10:17:25 PDT"]
[Termination "MomchilPetkov won by resignation"]

1. d4 Nf6 2. c4 e6 3. Nc3 Bb4 4. e3 c5 5. Ne2 cxd4 6. exd4 O-O 7. a3 Be7 8. Bf4 d6 9. g3 Nbd7 10. Bg2 e5 11. Bg5 h6 12. Bxf6 Nxf6 13. O-O Bg4 14.
h3 Bf5 15. b4 Qc8 16. g4 Bh7 17. Nd5 Nxd5 18. Bxd5 Kh8 19. Rc1 f5 20. Ng3 Bg5 21. Rc3 exd4 22. Rd3 fxg4 23. Rxd4 gxh3 24. Re1 Bf4 25. Be6 Qd8 26. Bxh3 Qg5 27. Bg2 Bxg3 28. fxg3 Qxg3 29. Rxd6 Qf2+ 30. Kh1 Rf4 31. Rd8+ Rxd8 32. Qxd8+ Bg8 33. Re4 Rxe4 34. Bxe4 Qe1+ 35. Kh2 Qxe4 36.
c5 Qf4+ 37. Kg2 Qg5+ 38. Qxg5 hxg5 39. Kg3 Be6 40. b5 Bd7 41. a4 a6 42. c6 Bxc6 0-1

[Event "*** Titled Tuesday Blitz"]
[Site "Chess.com"]
[Date "2020.05.26"]
[Round "2"]
[White "El_ultimo_Pablo"]
[Black "NotFischer"]
[Result "1-0"]
[WhiteElo "2407"]
[BlackElo "2135"]
[TimeControl "180+1"]
[EndTime "10:17:25 PDT"]
[Termination "El_ultimo_Pablo won by resignation"]

1. d4 g6 2. Nf3 Bg7 3. Bf4 d6 4. Nc3 c6 5. e4 Nf6 6. Qd2 O-O 7. h4 Bg4 8. Be2 Nbd7 9. Qe3 Bxf3 10. Bxf3 e5 11.
dxe5 dxe5 12. Bg5 Qb6 13. Qxb6 axb6 14. O-O-O Nc5 15. Rhe1 h6 16. Be3 Rfd8 17. a3 Nfd7 18. Rd2 Bf6 19. g3 Ne6 20. Red1 Nd4 21. Bg4 Nc5 22. Bxh6 b5 23. Kb1 Be7 24. Be3 Bf6 25. f4 Na4 26. Nxa4 bxa4 27. fxe5 Bxe5 28. Bxd4 Bxg3 29. Bf6 Rxd2 30. Rxd2 Re8 31. Rd8 Rxd8 32. Bxd8 Kg7 33. Bc8 b5 34. Bd7 c5 35. Bxb5 f5 36. exf5 gxf5 37. Bxa4 Kg6 38. Bc6 f4 39. a4 Kf5 40. a5 Bf2 41. c4 Bd4 42. a6 Be5 43. a7 1-0

[Event "*** Titled Tuesday Blitz"]
[Site "Chess.com"]
[Date "2020.05.26"]
[Round "2"]
[White "Moon_stone123"]
[Black "VincentKeymer"]
[Result "0-1"]
[WhiteElo "2522"]
[BlackElo "2821"]
[TimeControl "180+1"]
[EndTime "10:17:26 PDT"]
[Termination "VincentKeymer won by checkmate"]

1. Nf3 d5 2. g3 c6 3. Bg2 Bg4 4. O-O Nd7 5. d3 Ngf6 6. c4 dxc4 7. dxc4 h6 8. Nc3 e6 9. b3 Qc7 10. Bb2 Bc5 11. Qc2 O-O 12. Rad1 Bf5 13. e4 Bh7 14. Qe2 e5 15. Ne1 Bd4 16. Nc2 c5 17. Nb5 Qa5 18. Nbxd4 exd4 19. a3 Rfe8 20. f3 Qc7 21.
Ne1 Ne5 22. Bc1 Rad8 23. Bf4 Nfd7 24. Bh3 Qa5 25. Qb2 Qb6 26. Bxd7 Nxd7 27. Nd3 f5 28. e5 g5 29. Bd2 f4 30. Nf2 Nxe5 31. Ne4 g4 32. Bxf4 Nxf3+ 33. Rxf3 gxf3 34. Nf2 Re2 35. Qc1 Qe6 36. Bxh6 Re8 37. Qg5+ Bg6 38. Ng4 Rg2+ 39. Kh1 Qe1+ 40. Rxe1 Rxe1# 0-1

[Event "*** Titled Tuesday Blitz"]
[Site "Chess.com"]
[Date "2020.05.26"]
[Round "2"]
[White "Boudicca64"]
[Black "MaxLeto"]
[Result "1-0"]
[WhiteElo "1993"]
[BlackElo "2328"]
[TimeControl "180+1"]
[EndTime "10:17:26 PDT"]
[Termination "Boudicca64 won by resignation"]

1. e4 c5 2. g3 Nc6 3. Bg2 g6 4.
Ne2 Bg7 5. O-O d6 6. h3 e5 7. c3 Nge7 8. d3 O-O 9. Be3 Be6 10. d4 exd4 11. cxd4 Bc4 12. d5 Bxb2 13. Nbc3 Bxa1 14. Qxa1 Nd4 15. Qd1 Nxe2+ 16. Nxe2 Qa5 17. Re1 Bxe2 18.
Rxe2 f6 19. f4 b5 20. e5 fxe5 21. fxe5 dxe5 22. d6 Nf5 23. Bxa8 Nxg3 24. Qd5+ Kg7 25. Qxe5+ Kg8 26. Bd5+ Rf7 27. Qe8+ Kg7 28. Qxf7+ 1-0

[Event "*** Titled Tuesday Blitz"]
[Site "Chess.com"]
[Date "2020.05.26"]
[Round "2"]
[White "Savva09022009"]
[Black "Shushik"]
[Result "1-0"]
[WhiteElo "2401"]
[BlackElo "2115"]
[TimeControl "180+1"]
[EndTime "10:17:27 PDT"]
[Termination "Savva09022009 won on time"]

1. d4 d5 2. Nc3 Nf6 3. Bf4 c5 4. e3 Bf5 5. f3 Nc6 6. g4 Bg6 7.
h4 h6 8. Bd3 Bxd3 9. Qxd3 e6 10. Nge2 c4 11. Qd2 Bd6 12. O-O-O Bxf4 13. Nxf4 Qd7 14.
g5 Nh7 15. e4 dxe4 16. fxe4 O-O-O 17. d5 exd5 18. exd5 Ne5 19. Qd4 Rhe8 20. Qxa7 hxg5 21. d6 Qc6 22. hxg5 Nxg5 23. d7+ Nxd7 24. Nfd5 Ne4 25. Nxe4 Rxe4 26. Rh4 Re6 27. Rhd4 Rh8 28. Qa8+ Nb8 29. Qa7 Nd7 30. b3 cxb3 31. axb3 Nc5 32. Rc4 Kd7 33.
Rxc5 Qxc5 34. Qxc5 Rd6 35. Qc7+ Ke6 36. Re1+ Kxd5 37.
Rd1+ Ke4 38. Qxd6 1-0

[Event "*** Titled Tuesday Blitz"]
[Site "Chess.com"]
[Date "2020.05.26"]
[Round "2"]
[White "chito89"]
[Black "bilelou"]
[Result "1-0"]
[WhiteElo "2735"]
[BlackElo "2486"]
[TimeControl "180+1"]
[EndTime "10:17:28 PDT"]
[Termination "chito89 won by resignation"]

1. Nf3 Nf6 2. c4 e6 3. Nc3 d5 4.
e3 b6 5. b3 Bb7 6. cxd5 exd5 7.
Bb2 Nbd7 8. d4 a6 9. g3 Bd6 10. Bg2 O-O 11. O-O Re8 12. Rc1 Qe7 13. Re1 Ba3 14.
Bxa3 Qxa3 15. Re2 Rac8 16. Rec2 Qd6 17. Ne2 c5 18. Nf4 a5 19. Nh4 g6 20. dxc5 bxc5 21. Rd2 Nb6 22. Nf3 Ba8 23. Rdc2 Rc7 24. Qd2 a4 25.
Qa5 axb3 26. axb3 Nbd7 27. h4 Rb8 28. Qa3 Rcb7 29. Nd2 Rb4 30. Nd3 R4b5 31. Nxc5 Kg7 32. b4 Rxb4 33. Na6 d4 34. Nxb8 Bxg2 35. Nxd7 dxe3 36.
Nxf6 exd2 37. Ne8+ 1-0

[Event "*** Titled Tuesday Blitz"]
[Site "Chess.com"]
[Date "2020.05.26"]
[Round "2"]
[White "bazar-wokzal"]
[Black "lucliasco"]
[Result "0-1"]
[WhiteElo "2458"]
[BlackElo "2686"]
[TimeControl "180+1"]
[EndTime "10:17:28 PDT"]
[Termination "lucliasco won on time"]

1. e4 e5 2. Bc4 Nc6 3. f4 Nf6 4. Nc3 Bc5 5. Nf3 d6 6. f5 O-O 7. d3 Na5 8. Bg5 Nxc4 9. dxc4 Bb4 10. Nd2 Bxc3 11. bxc3 h6 12. Bh4 Bd7 13. Qf3 g5 14.
Bf2 Kg7 15. g4 Rg8 16. h4 Bc6 17.
hxg5 hxg5 18. Be3 Kf8 19. Kf2 Ke7 20. Rh6 Qf8 21. Rah1 b6 22. Qg2 Rd8 23. Kg3 Qg7 24.
R1h3 Kd7 25. Qh1 Kc8 26. Kf3 Kb7 27. Rh2 Qf8 28. R2h3 Qe7 29. Rh2 d5 30. cxd5 Rxd5 31. Rxf6 Qxf6 32. Rh6 Qd8 33. Rxc6 Rxd2 34. Rh6 Rxc2 35.
Qf1 Rh8 0-1

[Event "*** Titled Tuesday Blitz"]
[Site "Chess.com"]
[Date "2020.05.26"]
[Round "2"]
[White "Arek_pacitan"]
[Black "Dmitry_Konenkin"]
[Result "1-0"]
[WhiteElo "2552"]
[BlackElo "2274"]
[TimeControl "180+1"]
[EndTime "10:17:28 PDT"]
[Termination "Arek_pacitan won on time"]

1. e4 d6 2. d4 Nf6 3. Nc3 e5 4. Nf3 Nbd7 5. Bc4 Be7 6. O-O O-O 7. a4 c6 8. h3 b6 9. Bb3 a6 10. Be3 Qc7 11. Qe2 Bb7 12. Rfd1 b5 13. dxe5 dxe5 14. axb5 axb5 15. Rxa8 Bxa8 16. Nd2 Nc5 17. Bxc5 Bxc5 18. Nf1 Bd4 19. Ng3 g6 20. Qf3 Kg7 21. Nce2 Bxb2 22. c3 Ba3 23. Qe3 h6 24. h4 Be7 25. h5 Rd8 26.
Ra1 c5 27. c4 b4 28. Rf1 Qd6 29. f4 Qd3 30. Qf2 Ng4 31. Qf3 Qxf3 32. gxf3 Ne3 33.
Ra1 Bc6 34. hxg6 fxg6 35. f5 Bg5 36. Ra7+ Rd7 37. Ra6 Rc7 38. fxg6 Bf4 39. Ba4 Bxa4 40. Nh5+ Kf8 41. Ra8+ Be8 42. Nexf4 1-0

[Event "*** Titled Tuesday Blitz"]
[Site "Chess.com"]
[Date "2020.05.26"]
[Round "2"]
[White "pedro_nascimento85"]
[Black "ljuks68"]
[Result "0-1"]
[WhiteElo "1861"]
[BlackElo "2326"]
[TimeControl "180+1"]
[EndTime "10:17:28 PDT"]
[Termination "ljuks68 won by resignation"]

1. d4 d5 2. c4 c6 3. cxd5 cxd5 4. Nc3 Nf6 5. Bf4 Nc6 6. e3 Bf5 7. Qb3 Na5 8. Qa4+ Bd7 9. Qc2 e6 10. Bd3 Nh5 11. Bg3 Nxg3 12. hxg3 h6 13. Nf3 Nc6 14.
a3 Bd6 15. O-O Rc8 16. Rac1 O-O 17. Qe2 Na5 18. b4 Nc4 19. Bxc4 Rxc4 20. Ne5 Bxe5 21. dxe5 Qc7 22. Na2 Rxc1 23. Rxc1 Qxe5 24. Qd2 Rc8 25. Rxc8+ Bxc8 26. Nc3 Bd7 27. Qd4 Qb8 28. Kf1 b6 29. Ke1 Bc6 30. Kd2 Qd6 31. Qf4 e5 32. Qg4 g6 33.
Ne2 a5 34. Qc8+ Kg7 35. bxa5 bxa5 36. Qa6 Qc5 37. Nc3 d4 38. exd4 exd4 39. Ne2 Be4 40. a4 Qc2+ 41. Ke1 d3 0-1

[Event "*** Titled Tuesday Blitz"]
[Site "Chess.com"]
[Date "2020.05.26"]
[Round "2"]
[White "Sychev_Klementy"]
[Black "Karinaa87"]
[Result "1-0"]
[WhiteElo "2867"]
[BlackElo "2548"]
[TimeControl "180+1"]
[EndTime "10:17:29 PDT"]
[Termination "Sychev_Klementy won by resignation"]

1. e4 e5 2. Nf3 Nc6 3. Bb5 a6 4. Ba4 Nf6 5. O-O Be7 6. d3 b5 7. Bb3 O-O 8. a4 b4 9. Nbd2 d6 10. a5 Nd7 11. c3 Rb8 12. d4 Bf6 13. Bd5 Ne7 14. Bc4 Ng6 15. Re1 h6 16. Nf1 Re8 17. Ng3 Ndf8 18. Be3 Ne6 19. Qd2 Nef4 20. h3 bxc3 21. bxc3 Qe7 22. Rab1 Rxb1 23. Rxb1 Bh4 24. Nf5 Qf6 25. Rb8 Rf8 26. Bxf4 exf4 27. Qd3 Bxf5 28. Rxf8+ Kxf8 29. exf5 Ne7 30. Bxa6 Nxf5 31. Bb7 Qd8 32. Qxf5 Bf6 33. Qc8 Qxc8 34. Bxc8 c5 35. a6 1-0

[Event "*** Titled Tuesday Blitz"]
[Site "Chess.com"]
[Date "2020.05.26"]
[Round "2"]
[White "JozefKneht"]
[Black "JSPrepz"]
[Result "1-0"]
[WhiteElo "2479"]
[BlackElo "2666"]
[TimeControl "180+1"]
[EndTime "10:17:29 PDT"]
[Termination "JozefKneht won on time"]

1. e4 e5 2. Nf3 Nc6 3. Bb5 f5 4.
Nc3 fxe4 5. Nxe4 d5 6. Nxe5 dxe4 7. Nxc6 Qd5 8. c4 Qd6 9. Nxa7+ Bd7 10. Bxd7+ Qxd7 11. Qh5+ g6 12. Qe5+ Kf7 13. Nb5 c6 14. Qd4 Qe7 15. Nc3 Nf6 16. Qe3 Rd8 17. O-O Bg7 18.
d4 Rhe8 19. d5 Kg8 20. h3 b5 21. dxc6 bxc4 22. Qg5 Qe6 23. c7 Rc8 24. Bf4 Nh5 25.
Bh2 Bxc3 26. bxc3 Nf6 27. Rad1 Kg7 28. Rd4 h6 29. Qb5 e3 30. Qxc4 e2 31. Re1 Qf5 32. Bg3 1-0

[Event "*** Titled Tuesday Blitz"]
[Site "Chess.com"]
[Date "2020.05.26"]
[Round "2"]
[White "yobdc"]
[Black "TheoSlade"]
[Result "1-0"]
[WhiteElo "2036"]
[BlackElo "2345"]
[TimeControl "180+1"]
[EndTime "10:17:29 PDT"]
[Termination "yobdc won on time"]

1. e4 e5 2. Nf3 Nc6 3. Bc4 Bc5 4. d3 Nf6 5. O-O O-O 6. Re1 Ng4 7. Re2 Kh8 8. h3 f5 9. Nc3 d6 10. Bg5 Nf6 11. Nd5 Be6 12. Nxf6 gxf6 13. Bxe6 fxg5 14.
exf5 Nd4 15. Nxd4 Bxd4 16. c3 Bb6 17. d4 exd4 18. cxd4 Qf6 19. Re4 d5 20. Re5 c6 21.
Qd3 Bc7 22. Re2 Kg7 23. b4 Qe7 24. b5 Qd6 25. g3 Rf6 26. bxc6 bxc6 27. Rc1 Rb8 28.
Rec2 Rb6 29. Kg2 h5 30. Qe3 Kf8 31. Qxg5 Bd8 32. Qxh5 Kg7 33. Qg5+ Kf8 34. Qg8+ Ke7 35. Qg7+ Ke8 36. Re1 Be7 37. Rce2 Kd8 38. Bc8 Kxc8 39.
Rxe7 Qd8 40. Qxf6 1-0

[Event "*** Titled Tuesday Blitz"]
[Site "Chess.com"]
[Date "2020.05.26"]
[Round "2"]
[White "GmSergioBarrientos"]
[Black "nihalsarin"]
[Result "0-1"]
[WhiteElo "2595"]
[BlackElo "3037"]
[TimeControl "180+1"]
[EndTime "10:17:31 PDT"]
[Termination "nihalsarin won by resignation"]

1. d4 Nf6 2. Nf3 g6 3. g3 Bg7 4. Bg2 O-O 5. O-O d6 6. a4 a5 7. Nc3 Nc6 8. e4 Bg4 9. Be3 Nd7 10. h3 Bxf3 11. Bxf3 e5 12. d5 Nb4 13.
Bg2 f5 14. exf5 gxf5 15. Bd2 e4 16. Rb1 Qe7 17. Be3 Rae8 18. Nb5 Ne5 19. b3 Qf7 20. c4 Nbd3 21. Nd4 f4 22. Bxe4 fxe3 23. fxe3 Qxf1+ 24. Qxf1 Rxf1+ 25. Rxf1 Nc5 26. Bf5 Bf6 27.
Be6+ Kg7 28. Nf5+ Kg6 29. Nd4 Bg5 30. Bf5+ Kh6 31. Kg2 Bxe3 32. Nb5 Re7 33. Bc2 Kg7 34. Re1 Bg5 35. Nd4 Rf7 36. h4 Bd2 37. Re2 Bc3 38. Nf5+ Kf8 39. Nh6 Rf6 40. Nf5 Nxb3 41. Re3 Nd4 42.
Rxc3 Nxf5 43. c5 dxc5 44. Rxc5 Ne3+ 45. Kh3 Rf2 46. Bxh7 N5g4 0-1

[Event "*** Titled Tuesday Blitz"]
[Site "Chess.com"]
[Date "2020.05.26"]
[Round "2"]
[White "Lovinski"]
[Black "HanSchut"]
[Result "1-0"]
[WhiteElo "2408"]
[BlackElo "2143"]
[TimeControl "180+1"]
[EndTime "10:17:31 PDT"]
[Termination "Lovinski won on time"]

1. Nf3 c5 2. g3 Nc6 3. Bg2 Nf6 4.
O-O d5 5. d4 e6 6. c4 Be7 7. dxc5 Bxc5 8. cxd5 Nxd5 9. e4 Ndb4 10.
Qxd8+ Nxd8 11. Nc3 O-O 12. a3 Nd3 13. b4 Nxc1 14. Raxc1 Be7 15. Rfd1 Nc6 16. Nd4 Nxd4 17. Rxd4 Rd8 18. Rxd8+ Bxd8 19. e5 Bc7 20. f4 Rb8 21. Ne4 Bb6+ 22. Nc5 Bd7 23. Rd1 Bxc5+ 24. bxc5 Be8 25.
Rb1 b6 26. c6 Kf8 27. Rd1 Rc8 28.
Rd6 Ke7 29. Kf2 f6 30. Ke3 fxe5 31. fxe5 g6 32. Be4 Kf8 33. Kf4 Ke7 34. Kg5 a6 35.
Kh6 b5 36. Kxh7 a5 37. h4 b4 38. axb4 axb4 39. Rd4 Rc7 40. Rxb4 Kf8+ 41. Kh6 Kg8 42. Rb7 Rc8 43. c7 Bf7 44. Rb8 1-0

[Event "*** Titled Tuesday Blitz"]
[Site "Chess.com"]
[Date "2020.05.26"]
[Round "2"]
[White "bascheyaro"]
[Black "Muguet7"]
[Result "1-0"]
[WhiteElo "2690"]
[BlackElo "2462"]
[TimeControl "180+1"]
[EndTime "10:17:32 PDT"]
[Termination "bascheyaro won by resignation"]

1. d4 Nf6 2. Nf3 e6 3. Bg5 h6 4. Bh4 b6 5. e3 Bb7 6. a4 Be7 7. a5 c5 8. Nc3 cxd4 9. exd4 bxa5 10. Bd3 Nc6 11. O-O O-O 12. Qe2 Nb4 13. Bb5 a6 14. Ba4 Bxf3 15. Qxf3 d5 16. Bxf6 Bxf6 17. Ne2 Rc8 18.
c3 Nc6 19. Ng3 g6 20. Ra2 Kg7 21. Rfa1 Na7 22. Bd1 Qb6 23. Qe2 Nc6 24. Ba4 Ne7 25. Bc2 Nc6 26. Bd3 Ra8 27. Qg4 Bg5 28. h4 Be7 29.
Nh5+ Kh7 30. Nf4 Rg8 31. h5 Bg5 32. hxg6+ fxg6 33. Nxg6 Rxg6 34. Qxe6 Rg8 35. Qf7+ Kh8 36. Bxg6 Qa7 37. Qxa7 Nxa7 38. Bf7 Rd8 39. Rxa5 Nc6 40. Rxd5 Rf8 41. Rxa6 Ne7 42. Rxg5 hxg5 43. Be6 Kg7 44. d5 Kf6 45. Bg4+ Kf7 46. Ra7 Kf6 47. d6 Nc6 48. Ra6 Ne5 49. f3 Rd8 50. b3 Nxg4 51.
fxg4 Ke6 52. c4 Rb8 53. Ra5 Rxb3 54. Rd5 Rc3 55. d7 1-0

[Event "*** Titled Tuesday Blitz"]
[Site "Chess.com"]
[Date "2020.05.26"]
[Round "2"]
[White "andriipalchuk"]
[Black "grzechu96"]
[Result "0-1"]
[WhiteElo "2076"]
[BlackElo "2609"]
[TimeControl "180+1"]
[EndTime "10:17:32 PDT"]
[Termination "grzechu96 won by resignation"]

1. e4 c5 2. c3 Nf6 3. e5 Nd5 4.
Bc4 e6 5. Nf3 d6 6. d4 cxd4 7.
cxd4 Nc6 8. O-O Be7 9. Qe2 O-O 10. Nc3 Nxc3 11. bxc3 dxe5 12. dxe5 Qa5 13. Bd2 Rd8 14. Rfe1 Bd7 15. Bd3 Be8 16. h4 Rd7 17. Bc2 Rad8 18. Bg5 Qxc3 19. Rac1 Qb4 20. Bxe7 Rxe7 21. Rb1 Qc5 22.
Bxh7+ Kxh7 23. Ng5+ Kh6 24. Rb3 Nd4 25. Qe3 Nxb3 26.
Nxf7+ Kh7 27. Nxd8 Qxe3 28. Rxe3 Nc5 29. Rc3 b6 30.
Rg3 Rc7 31. Rg5 Rc8 32. h5 Rxd8 0-1

[Event "*** Titled Tuesday Blitz"]
[Site "Chess.com"]
[Date "2020.05.26"]
[Round "2"]
[White "RU_B9"]
[Black "Blitzking642"]
[Result "0-1"]
[WhiteElo "1846"]
[BlackElo "2325"]
[TimeControl "180+1"]
[EndTime "10:17:33 PDT"]
[Termination "Blitzking642 won on time"]

1. c4 Nf6 2. Nc3 g6 3. e4 d6 4. d4 Bg7 5. Be2 O-O 6. Nf3 Na6 7. O-O e5 8. d5 Nc5 9. Qc2 a5 10. h3 Nh5 11. Re1 Nf4 12. Bf1 f5 13. Be3 Nxe4 14.
Nxe4 fxe4 15. Nd2 Nd3 16. Bxd3 exd3 17. Qxd3 e4 18. Nxe4 Bxb2 19. Rab1 Be5 20. Bh6 Rf5 21. g4 Rf7 22. Bg5 Qf8 23. Qe3 Rf3 24. Nf6+ Rxf6 25. Bxf6 Qxf6 26. Kg2 g5 27. c5 Qf4 28.
Qxf4 gxf4 29. cxd6 cxd6 30. Rb5 Bd7 0-1

[Event "*** Titled Tuesday Blitz"]
[Site "Chess.com"]
[Date "2020.05.26"]
[Round "2"]
[White "ChronicUnhappiness"]
[Black "econpower"]
[Result "0-1"]
[WhiteElo "2285"]
[BlackElo "2634"]
[TimeControl "180+1"]
[EndTime "10:17:34 PDT"]
[Termination "econpower won by resignation"]

1. c4 g6 2. e4 Bg7 3. Nc3 d6 4. d4 Nd7 5. f4 e5 6. dxe5 dxe5 7.
Nf3 Ne7 8. Nxe5 Nxe5 9. Qxd8+ Kxd8 10. fxe5 Bxe5 11. Bg5 f6 12. O-O-O+ Bd7 13. Be3 c6 14. Na4 b6 15. Be2 Kc7 16. c5 b5 17. Nc3 Be6 18. a3 a5 19. Bd4 Bb3 20. Bxe5+ fxe5 21. Rd6 b4 22. Bd1 Bxd1 23. Nxd1 Rad8 24. Rxd8 Rxd8 25. Rf1 Kd7 26. Rf7 Ke6 27. Rxh7 Rd4 28. axb4 axb4 29. Rh4 Rc4+ 30. Kd2 Rxc5 31. Ne3 Ng8 32. Rh8 Nf6 33.
Kd3 Rc1 34. Rc8 Nd7 35. Nc4 Nc5+ 36. Ke3 Rxc4 37. Rxc6+ Kd7 38. Rxg6 Rxe4+ 39. Kf3 Rf4+ 40.
Kg3 Ne4+ 41. Kh3 Nf2+ 42. Kg3 Nh1+ 43. Kh3 e4 44. Rg4 Nf2+ 45. Kg3 Rxg4+ 46. Kxf2 Ke6 47. g3 Ke5 0-1

[Event "*** Titled Tuesday Blitz"]
[Site "Chess.com"]
[Date "2020.05.26"]
[Round "2"]
[White "Escanor89"]
[Black "eljanov"]
[Result "0-1"]
[WhiteElo "2555"]
[BlackElo "2880"]
[TimeControl "180+1"]
[EndTime "10:17:35 PDT"]
[Termination "eljanov won by resignation"]

1. c4 Nf6 2. Nc3 e5 3. Nf3 Nc6 4. e3 Bb4 5. Qc2 O-O 6. Nd5 Be7 7. Ng5 g6 8. Nxe7+ Qxe7 9. d3 d5 10. cxd5 Nxd5 11. Ne4 Ndb4 12. Qd1 Bf5 13. a3 Rfd8 14. f3 Nd5 15. Be2 Be6 16. O-O f5 17. Nc3 f4 18.
Nxd5 Bxd5 19. e4 Be6 20. Bd2 Nd4 21. Rc1 c5 22. Bc3 Rac8 23. Bxd4 Rxd4 24. Qc2 a5 25.
Rfd1 a4 26. Qc3 b6 27. Kh1 Rcd8 28. Re1 g5 29. Rg1 Kh8 30. g3 Rf8 31. gxf4 Rxf4 32. Rg3 h6 33. Rcg1 Rh4 34. Qc2 Qf6 35. Qxa4 Rxa4 0-1

[Event "*** Titled Tuesday Blitz"]
[Site "Chess.com"]
[Date "2020.05.26"]
[Round "2"]
[White "KaterynaLagno"]
[Black "Flawless_Fighter"]
[Result "1-0"]
[WhiteElo "2702"]
[BlackElo "2468"]
[TimeControl "180+1"]
[EndTime "10:17:37 PDT"]
[Termination "KaterynaLagno won on time"]

1. e4 e5 2. Nf3 Nc6 3. Bb5 a6 4. Ba4 Nf6 5. O-O b5 6. Bb3 Be7 7. a4 b4 8. d4 d6 9. dxe5 Nxe5 10. Bf4 Ng6 11. Be3 O-O 12. Nd4 Bb7 13. f3 d5 14. exd5 Nxd5 15. Bf2 c5 16. Nf5 Bf6 17. Bxc5 Bxb2 18. Ra2 Bf6 19. Nd6 Bc6 20. Bxd5 Bxd5 21. Qxd5 Nf4 22. Qe4 Ne6 23. Bxb4 a5 24. Ba3 Rb8 25.
Nd2 Qb6+ 26. Kh1 Rfd8 27. N2c4 Qc7 28. Nb5 Qd7 29. Bb2 Bxb2 30. Rxb2 Nc5 31. Qh4 Nxa4 32. Ne5 Qe6 33. Qxa4 Qxe5 34. Rbb1 Qe2 35. c4 Rd2 36. Rg1 Rc8 37. Nc3 Qd3 38. Ne4 Rc2 39.
Rbd1 Qe2 40. Qxa5 h6 41. Qe1 1-0

[Event "*** Titled Tuesday Blitz"]
[Site "Chess.com"]
[Date "2020.05.26"]
[Round "2"]
[White "seastar"]
[Black "MarceloPlaya"]
[Result "0-1"]
[WhiteElo "2044"]
[BlackElo "2375"]
[TimeControl "180+1"]
[EndTime "10:17:37 PDT"]
[Termination "MarceloPlaya won by resignation"]

1. d4 e6 2. c4 Nf6 3. Nc3 Bb4 4. e3 O-O 5. Bd3 c5 6. Ne2 d6 7.
O-O Bxc3 8. bxc3 e5 9. e4 Nc6 10. d5 Na5 11. Bg5 h6 12. Bh4 g5 13. Bg3 Nh5 14. h3 b6 15. Nc1 Nf4 16. Bxf4 exf4 17. Kh2 f6 18. g3 fxg3+ 19. fxg3 Qe7 20. Nb3 Nb7 21. Qh5 Qg7 22. Nd2 Nd8 23. Rf2 Nf7 24. Nf3 Bd7 25. Raf1 Nh8 26. Kg2 Rae8 27. Nh2 Ng6 28.
Ng4 Bxg4 29. Qxg4 Ne5 30. Qe2 Re7 31. Rf5 Qg6 32. Rh1 Rfe8 33. h4 Nf7 34. h5 Qxf5 35. exf5 Rxe2+ 36. Bxe2 Rxe2+ 37. Kf3 Re7 38. a4 Ne5+ 39. Kg2 Nxc4 0-1

[Event "*** Titled Tuesday Blitz"]
[Site "Chess.com"]
[Date "2020.05.26"]
[Round "2"]
[White "AnishGiri"]
[Black "velemajstor767276"]
[Result "1-0"]
[WhiteElo "2981"]
[BlackElo "2587"]
[TimeControl "180+1"]
[EndTime "10:17:38 PDT"]
[Termination "AnishGiri won on time"]

1. d4 Nf6 2. c4 e6 3. Nf3 Bb4+ 4. Nbd2 d6 5. a3 Bxd2+ 6. Bxd2 h6 7. Qc2 Nbd7 8. g4 b6 9. g5 hxg5 10. Nxg5 Bb7 11.
f3 Qe7 12. O-O-O c5 13. d5 exd5 14. cxd5 O-O-O 15. e4 Kb8 16. Kb1 Ne5 17. h4 Nh5 18.
Rg1 Ng6 19. Be1 Nhf4 20. Qc1 Bc8 21. a4 f6 22. Ne6 Bxe6 23. dxe6 Qxe6 24. a5 Qb3 25. Rg3 Rxh4 26. Bc4 Qa4 27. b3 Qd7 28. Bd2 Qe7 29. Rdg1 Qe5 30. Rxg6 Nxg6 31. Rxg6 Rh2 32. Bf4 Qe8 33. Rxg7 Rf2 34. a6 Rxf3 35. Rb7+ Kc8 36. Bd5 1-0

[Event "*** Titled Tuesday Blitz"]
[Site "Chess.com"]
[Date "2020.05.26"]
[Round "2"]
[White "RubensCezila"]
[Black "allvim"]
[Result "1-0"]
[WhiteElo "2457"]
[BlackElo "2248"]
[TimeControl "180+1"]
[EndTime "10:17:38 PDT"]
[Termination "RubensCezila won on time"]

1. c4 Nf6 2. Nc3 e5 3. Nf3 d6 4. g3 Be7 5. Bg2 O-O 6. O-O Nc6 7. a3 a5 8. Rb1 Be6 9. d3 h6 10. b4 axb4 11. axb4 Nd4 12. Nxd4 exd4 13. Nb5 c5 14. Bxb7 Ra2 15. Bf3 Qd7 16. Qb3 Ra6 17. Bf4 Rb6 18. bxc5 dxc5 19. Qa3 g5 20. Bd2 g4 21. Bg2 h5 22. Bf4 h4 23. Qa5 Bd8 24. Qa3 Be7 25. Bg5 h3 26. Bh1 Rc8 27. Qa5 Bd8 28. Bxf6 Bxc4 29. Bxd8 Rxb5 30. Rxb5 Bxb5 31. Bh4 Bc6 32. Qxc5 Bxh1 33. Qg5+ Kf8 34. Qh6+ 1-0

[Event "*** Titled Tuesday Blitz"]
[Site "Chess.com"]
[Date "2020.05.26"]
[Round "2"]
[White "mortngabriel"]
[Black "ferdipy"]
[Result "0-1"]
[WhiteElo "2437"]
[BlackElo "2252"]
[TimeControl "180+1"]
[EndTime "10:17:38 PDT"]
[Termination "ferdipy won on time"]

1. e4 e6 2. Nf3 d5 3. e5 c5 4.
b4 cxb4 5. a3 bxa3 6. d4 a6 7. c3 Nc6 8. Bd3 Nge7 9. O-O Ng6 10.
g3 Na5 11. Ng5 b5 12. Qh5 Be7 13. Nxh7 Nb3 14. Ra2 Nxc1 15. Rxc1 Rg8 16. Nxa3 Nf8 17.
Nxb5 g6 18. Qh6 Rh8 19. Nd6+ Bxd6 20. exd6 Rxh7 21. Qf4 Nd7 22. Rca1 a5 23. c4 dxc4 24. Bxc4 Qf6 25. Qd2 Bb7 26. Be2 Kf8 27. Rxa5 Rxa5 28.
Rxa5 Kg7 29. h4 Bd5 30. Bg4 Rh8 31. Rxd5 exd5 32. Bxd7 Qxd6 0-1

[Event "*** Titled Tuesday Blitz"]
[Site "Chess.com"]
[Date "2020.05.26"]
[Round "2"]
[White "mishanick"]
[Black "Nor1lsk"]
[Result "1-0"]
[WhiteElo "2966"]
[BlackElo "2584"]
[TimeControl "180+1"]
[EndTime "10:17:39 PDT"]
[Termination "mishanick won by resignation"]

1. d4 g6 2. c4 Bg7 3. Nc3 c5 4. d5 Bxc3+ 5. bxc3 f5 6. e4 fxe4 7. f3 Nf6 8. fxe4 Qa5 9. Qc2 d6 10. Bd3 Nbd7 11. Nf3 Ng4 12. O-O O-O 13. Bg5 Qd8 14.
Qd2 Nde5 15. Nxe5 Nxe5 16. Rxf8+ Qxf8 17. Rf1 Qe8 18. Be2 Bg4 19. Bxg4 Nxg4 20. Qf4 Ne5 21. Qh4 Qd7 22. Bxe7 Re8 23. Bg5 Qg4 24. Qxg4 Nxg4 25. Bf4 Ne5 26. Bxe5 Rxe5 27. Re1 Kg7 28. Kf2 Kf6 29. Ke3 Rh5 30. h3 Ke7 31. Rb1 b6 32.
a4 Kd7 33. a5 Kc7 34. axb6+ axb6 35. Rf1 Rg5 36. Rf7+ Kb8 37. g4 h5 38. Kf4 Re5 39.
g5 1-0

[Event "*** Titled Tuesday Blitz"]
[Site "Chess.com"]
[Date "2020.05.26"]
[Round "2"]
[White "Grandelicious"]
[Black "AleksibFan"]
[Result "1-0"]
[WhiteElo "2798"]
[BlackElo "2515"]
[TimeControl "180+1"]
[EndTime "10:17:39 PDT"]
[Termination "Grandelicious won by resignation"]

1. Nf3 d5 2. g3 Nf6 3. Bg2 c6 4. O-O e6 5. c4 Nbd7 6. b3 Bd6 7. Bb2 O-O 8. Nc3 Re8 9. Rc1 a6 10. d4 Qe7 11. Nd2 Ba3 12. Bxa3 Qxa3 13. e4 dxe4 14.
Ndxe4 Nxe4 15. Nxe4 Qxa2 16. Ra1 Qb2 17. Nd6 Rd8 18. Re1 c5 19. Qh5 Rf8 20. dxc5 Qxb3 21. Rab1 Qc3 22. Nxb7 Rb8 23. c6 Nf6 24. Qc5 Bxb7 25.
cxb7 Nd7 26. Qc7 Nf6 27. c5 a5 28. c6 a4 29. Rec1 Qd2 30. Qf4 Qxf4 31. gxf4 1-0